 Dungeon Crawl Stone Soup version 0.30.0 (webtiles) character file.

Game seed: 11659915745565052701

437 gothro the Trooper (level 7, -6/60 HPs)
             Began as a Hill Orc Fighter on Dec 6, 2023.
             Mangled by Crazy Yiuf
             ... wielding a +4 quarterstaff of chaos
              (11 damage)
             ... on level 4 of the Dungeon.
             The game lasted 00:23:03 (3153 turns).

gothro the Trooper (Hill Orc Fighter)               Turns: 3153, Time: 00:23:06

Health: -6/60      AC: 18    Str: 21    XL:     7   Next: 1%
Magic:  7/7        EV:  9    Int:  8    God:
Gold:   147        SH:  8    Dex: 10    Spells: 6/6 levels left

rFire   . . .        x - +2 mace (protect)
rCold   . . .        w - +0 kite shield
rNeg    . . .        b - +0 scale mail
rPois   .            B - +2 helmet
rElec   .            (no cloak)
rCorr   .            (no gloves)
SInv    .            C - +0 pair of boots
Will    .....        (no amulet) Stlth
                     (no ring)
HPRegen 0.30/turn    (no ring)
MPRegen 0.10/turn

%: no passive effects
@: under a protective aura, slowed, very slow
A: no striking features
a: no special abilities


You were on level 4 of the Dungeon.
You visited 1 branch of the dungeon, and saw 4 of its levels.

You collected 147 gold pieces.

Inventory:

Hand Weapons
 a - a +0 long sword
 e - a +0 dagger
 n - a +0 spear
 o - a +0 spear
 q - a +0 whip
 u - a +0 sling
 x - a +2 mace of protection (weapon)
 y - the +5 short sword of Chagrin {venom, *Slow rN+ Int+6 SInv}
   (You found it on level 3 of the Dungeon)

   Int:       It affects your intelligence (+6).
   rN:        It protects you from negative energy.
   SInv:      It lets you see invisible.
   *Slow:     It may slow you when you take damage.
Missiles
 g - 32 stones (quivered)
 r - 5 datura-tipped darts
Armour
 b - a +0 scale mail (worn)
 c - a +0 buckler
 h - a +0 ring mail
 m - the +8 chain mail "Jaepter" {Rampage rCorr Str+5 Dex-4}
   (You found it on level 2 of the Dungeon)

   Str:       It affects your strength (+5).
   Dex:       It affects your dexterity (-4).
   rCorr:     It protects you from acid and corrosion.
   Rampage:   It bestows one free step when moving towards enemies.
 w - a +0 kite shield (worn)
 B - a +2 helmet (worn)
 C - a +0 pair of boots (worn)
Wands
 z - a wand of iceblast (11)
Scrolls
 k - 2 scrolls of identify {unknown}
 l - a scroll of torment {unknown}
 A - a scroll of enchant weapon {unknown}
 D - a scroll of teleportation {unknown}
 E - a scroll of noise {unknown}
Potions
 d - a potion of might
 f - a potion of degeneration {unknown}
 i - a potion of haste {unknown}
 j - a potion of mutation {unknown}
 p - 4 potions of heal wounds {unknown}
 s - a potion of flight {unknown}
 t - 2 potions of brilliance {unknown}
 v - a potion of berserk rage {unknown}


   Skills:
 + Level 4.9 Fighting
 + Level 0.3(2.6) Short Blades
 + Level 4.7 Long Blades
 + Level 0.4 Ranged Weapons
 + Level 4.7 Armour
 + Level 1.3 Dodging
 + Level 0.1 Stealth
 + Level 4.9 Shields


You had 6 spell levels left.
You didn't know any spells.
Your spell library contained the following spells:

 Spells                   Type           Power      Damage    Failure   Level
 Kiss of Death            Conj/Necr      0%         2d5       95%         1
 Lesser Beckoning         Tloc           0%         N/A       98%         2
 Confusing Touch          Hex            0%         N/A       100%        3
 Gell's Gravitas          Tloc           0%         N/A       100%        3
 Inner Flame              Hex/Fire       0%         N/A       100%        3
 Teleport Other           Tloc           0%         N/A       100%        3
 Dispel Undead            Necr           0%         3d6       100%        4
 Yara's Violent Unravell  Hex/Tmut       0%         3d3       100%        5
 Enfeeble                 Hex            0%         N/A       100%        7


Dungeon Overview and Level Annotations

Branches:
Dungeon (4/15)
 Temple: D:4-7

Altars:
Elyvilon
Sif Muna
Trog
Uskayaw

Annotations:
D:4 Crazy Yiuf


Message History

Crazy Yiuf is moderately wounded.
Crazy Yiuf hits you with a +4 quarterstaff of chaos!
You feel yourself slow down.
You suddenly lose the ability to move!
Crazy Yiuf hits you with a +4 quarterstaff of chaos.
Crazy Yiuf draws strength from your wounds!
You feel less confused.
Crazy Yiuf hits you with a +4 quarterstaff of chaos.
Crazy Yiuf burns you.
Crazy Yiuf hits you with a +4 quarterstaff of chaos.
You are electrocuted!
You can move again.
You completely miss Crazy Yiuf.
Crazy Yiuf is heavily wounded.
Crazy Yiuf hits you with a +4 quarterstaff of chaos!
* * * LOW HITPOINT WARNING * * *
Crazy Yiuf freezes you.
* * * LOW HITPOINT WARNING * * *
Crazy Yiuf barely misses you.
(D) Dungeon
Where to? (? - help)
Okay, then.
The +5 short sword of Chagrin {venom, *Slow rN+ Int+6 SInv} stops dripping with poison.
Your +2 mace of protection hums with potential!
x - a +2 mace of protection (weapon)
Crazy Yiuf hits you with a +4 quarterstaff of chaos.
* * * LOW HITPOINT WARNING * * *
Crazy Yiuf burns you.
* * * LOW HITPOINT WARNING * * *
Unknown command.
You barely miss Crazy Yiuf.
Crazy Yiuf is heavily wounded.
Crazy Yiuf laughs, "Ghoul chair green!"
You block Crazy Yiuf's attack. x2
You hit Crazy Yiuf but do no damage.
Your weapon exudes an aura of protection.
Crazy Yiuf is severely wounded.
Crazy Yiuf laughs, "Citrus tortoise rumpyflump!"
You block Crazy Yiuf's attack.
Crazy Yiuf hits you with a +4 quarterstaff of chaos!
You die...

#.# ###..# ... .# ....
....# ....# ....#
###### ###
#######.#.P## ###..)#
....#.......####@g...#
###.#.#......#..##...#
........#.P.#.### ###
....########### #...#
...## ...# ##.# ...#


You could see Crazy Yiuf (poisoned).

Vanquished Creatures
  Grinder (D:4)
  A hound (D:4)
  An orc wizard (D:3)
  Robin (D:4)
  3 gnolls (D:2)
  5 adders
  A worm (D:2)
  A dart slug (D:2)
  6 orcs
  4 endoplasms
  2 giant cockroaches
  14 goblins
  9 hobgoblins
  11 jackals (D:1)
  7 kobolds
  2 quokkas
  6 ball pythons
  2 bats (D:2)
  5 frilled lizards
  2 rats (D:3)
84 creatures vanquished.

Vanquished Creatures (others)
  16 fungi
16 creatures vanquished.

Grand Total: 100 creatures vanquished

Notes
Turn   | Place    | Note
-------+----------+-------------------------------------------
     0 | D:1      | gothro the Hill Orc Fighter began the quest for the Orb.
     0 | D:1      | Reached XP level 1. HP: 19/19 MP: 1/1
   147 | D:1      | Reached XP level 2. HP: 24/27 MP: 2/2
   654 | D:1      | Reached XP level 3. HP: 30/33 MP: 3/3
  1067 | D:2      | Identified the +8 chain mail "Jaepter" {Rampage rCorr Str+5
                  | Dex-4}
  1189 | D:2      | Reached XP level 4. HP: 4/40 MP: 4/4
  1806 | D:3      | Found a white marble altar of Elyvilon.
  2029 | D:3      | Reached XP level 5. HP: 46/46 MP: 5/5
  2375 | D:3      | Identified the +5 short sword of Chagrin {venom, *Slow rN+
                  | Int+6 SInv}
  2423 | D:3      | Found a shimmering blue altar of Sif Muna.
  2556 | D:4      | Found a hide-covered altar of Uskayaw.
  2684 | D:4      | Noticed Robin
  2710 | D:4      | Killed Robin
  2836 | D:4      | Noticed Grinder
  2838 | D:4      | Paralysed by Grinder for 3 turns
  2858 | D:4      | Paralysed by Grinder for 5 turns
  2863 | D:4      | Killed Grinder
  2864 | D:4      | Reached skill level 1 in Dodging
  2864 | D:4      | Reached XP level 6. HP: 35/55 MP: 6/6
  2895 | D:4      | Reached XP level 7. HP: 46/60 MP: 7/7
  2980 | D:4      | Found a bloodstained altar of Trog.
  3138 | D:4      | Found a runed translucent door.
  3139 | D:4      | Noticed Crazy Yiuf
  3146 | D:4      | Paralysed by Crazy Yiuf for 4 turns
  3151 | D:4      | HP: 3/60 [Crazy Yiuf/+4 quarterstaff of chaos (1)]
  3153 | D:4      | Mangled by Crazy Yiuf

Illustrated notes

Levels and vault maps discovered:
D:1:      amcnicky_arrival_flooded_fountain, layout_rooms,
          serial_co_window_serial, co_window_paths_a, co_window_paths_a,
          co_window_corner_a, co_window_paths_a, co_window_paths_a,
          co_window_cross_3, co_window_unsneaky_path_a, co_window_broadway_c,
          co_window_broadway_b, co_window_of_opportunity_c,
          co_window_unsneaky_path_a
D:2:      layout_rooms
D:3:      layout_loops_ring, mainiacjoe_overflow_chevrons,
          kennysheep_orc_sif_temple
D:4:      layout_loops_cross, nicolae_overflow_crystal_walls, bloody_trog,
          uniq_robin, uniq_grinder, uniq_crazy_yiuf_cottage, uniq_edmund

Skill      XL: |  1  2  3  4  5 |
---------------+----------------+-----
Fighting       | 4 |  4.9
Long Blades    | 3 4 |  4.7
Armour         | 4 |  4.7
Shields        | 4 |  4.9
Dodging        | 1 |  1.3
Short Blades   | |  0.3
Ranged Weapons | |  0.4
Stealth        | |  0.1

Action                     |  1- 3 |  4- 6 |  7- 9 || total
---------------------------+-------+-------+-------++-------
  Melee: Long sword        |    94 |   148 |       ||   242
         Short sword       |       |    28 |    12 ||    40
         Sling             |       |     2 |       ||     2
         Mace              |       |       |     2 ||     2
   Fire: Sling             |       |    24 |       ||    24
    Use: Potion            |     1 |       |       ||     1
 Armour: Scale mail        |    57 |   102 |     1 ||   160
  Dodge: Dodged            |    80 |    77 |     2 ||   159
  Block: Buckler           |    42 |    10 |       ||    52
         Kite shield       |       |    58 |     4 ||    62
